 Dungeon Crawl Stone Soup version 0.31-a0-986-g5e6e4ef867 (webtiles) character file.

Game seed: 12018121610072335073

109441 oldriver the Warrior (level 16, -12/145 HPs)
             Began as a Mummy Fighter on Oct 23, 2023.
             Was a High Priest of Okawaru.
             Mangled by an alligator (14 damage)
             ... called by a spriggan druid
             ... on level 2 of the Swamp on Nov 6, 2023.
             The game lasted 01:04:18 (33060 turns).

oldriver the Warrior (Mummy Fighter)               Turns: 33060, Time: 01:04:18

Health: -12/145    AC: 42    Str: 25    XL:     16   Next: 4%
Magic:  22/22      EV: 14    Int:  8    God:    Okawaru [*****.]
Gold:   1271       SH:  5    Dex: 13    Spells: 15/15 levels left

rFire   . . .        N - +5 eveningstar (drain)
rCold   + + .        c - +0 buckler
rNeg    + + +        v - +15 Maxwell's patent armour {-Cast -Tele rElec Will+ rCorr}
rPois   ∞            i - +2 helmet
rElec   +            j - +0 cloak {rC+}
rCorr   +            l - +2 pair of gloves
SInv    .            o - +2 pair of boots of Elyvilon, Bespelling {Drain Regen+ Slay+2}
Will    +++..        (no amulet) Stlth
                     b - ring of Hung {rF+ rN+}
HPRegen 1.24/turn    u - +5 ring of evasion
MPRegen 0.18/turn

%: no teleportation, no spellcasting, faith
@: marked
A: cold resistance 1, negative energy resistance 3, torment resistance 2, heat
vulnerability 1, in touch with death 2, no potions, faith
a: Renounce Religion, Heroism, Finesse, Duel


You were on level 2 of the Swamp.
You worshipped Okawaru.
Okawaru was extremely pleased with you.
You visited 5 branches of the dungeon, and saw 25 of its levels.
You also visited: Gauntlet and Ice Cave.

You collected 3319 gold pieces.
You spent 2048 gold pieces at shops.

Inventory:

Hand Weapons
 L - a +3 demon whip of electrocution
 N - a +5 eveningstar of draining (weapon)
Missiles
 a - 42 poisoned darts
 f - 174 stones (quivered)
 q - a throwing net
 z - 8 silver javelins
 H - an atropa-tipped dart
 I - 4 javelins
Armour
 c - a +0 buckler (worn)
 i - a +2 helmet (worn)
 j - a +0 cloak of cold resistance (worn)
 l - a +2 pair of gloves (worn)
 o - the +2 pair of boots of Elyvilon, Bespelling (worn) {Drain Regen+ Slay+2}
   (You found it in a Gauntlet)

   Slay+2:    It affects your accuracy & damage with ranged weapons and melee
   (+2).
   Regen+:    It increases your rate of health regeneration.
   Drain:     It drains your maximum health when unequipped.
 v - the +15 Maxwell's patent armour (worn) {-Cast -Tele rElec Will+ rCorr}
   (You acquired it on level 9 of the Dungeon)

   rElec:     It insulates you from electricity.
   Will+:     It increases your willpower.
   -Cast:     It prevents spellcasting.
   -Tele:     It prevents most forms of teleportation.
   rCorr:     It protects you from acid and corrosion.
 K - a +1 crystal plate armour of cold resistance
Jewellery
 b - the ring of Hung (left hand) {rF+ rN+}
   (You bought it in a shop on level 5 of the Dungeon)

   [ring of protection from fire]

   rF+:       It protects you from fire.
   rN+:       It protects you from negative energy.
 u - a +5 ring of evasion (right hand)
 y - a ring of willpower
 E - a ring of protection from fire
 J - a ring of protection from cold
Wands
 g - a wand of acid (6)
 n - a wand of digging (16)
 s - a wand of iceblast (16)
 x - a wand of mindburst (8)
 F - a wand of flame (14)
Scrolls
 d - 4 scrolls of immolation
 e - 8 scrolls of teleportation
 h - 3 scrolls of revelation
 m - 2 scrolls of noise
 p - 10 scrolls of identify
 r - 3 scrolls of poison
 t - 3 scrolls of amnesia
 w - a scroll of fear
 A - 4 scrolls of fog
 B - 4 scrolls of vulnerability
 C - a scroll of enchant weapon
Miscellaneous
 G - a condenser vane (inert)
 M - a phantom mirror


   Skills:
 + Level 18.6 Fighting
 + Level 12.3 Maces & Flails
 - Level 2.0 Throwing
 + Level 11.7 Armour
 - Level 4.0 Dodging
 - Level 2.0 Stealth
 - Level 5.0 Shields
 - Level 8.0 Invocations


You had 15 spell levels left.
You didn't know any spells.
Your spell library contained the following spells:

 Spells                   Type           Power      Damage    Failure   Level
 Apportation              Tloc           0%         N/A       99%         1
 Magic Dart               Conj           0%         1d3       99%         1
 Necrotise                Necr           0%         1d4       99%         1
 Slow                     Hex            0%         N/A       99%         1
 Blink                    Tloc           0%         N/A       100%        2
 Cigotuvi's Dreadful Rot  Necr/Pois/Air  0%         N/A       100%        2
 Jinxbite                 Hex            0%         N/A       100%        2
 Lesser Beckoning         Tloc           0%         N/A       100%        2
 Momentum Strike          Conj/Tloc      0%         3d8       100%        2
 Scorch                   Fire           0%         2d5       100%        2
 Confusing Touch          Hex            0%         N/A       100%        3
 Dazzling Flash           Conj/Hex       0%         N/A       100%        3
 Gell's Gravitas          Tloc           0%         N/A       100%        3
 Ignite Poison            Fire/Tmut/Pois 0%         N/A       100%        3
 Mephitic Cloud           Conj/Pois/Air  0%         N/A       100%        3
 Sigil of Binding         Hex            0%         N/A       100%        3
 Teleport Other           Tloc           0%         N/A       100%        3
 Vampiric Draining        Necr           0%         2d6       100%        3
 Volatile Blastmotes      Fire/Tloc      0%         2d10      100%        3
 Flame Wave               Conj/Fire      0%         2d4       100%        4
 Agony                    Necr           0%         N/A       100%        5
 Alistair's Intoxication  Tmut/Pois      0%         N/A       100%        5
 Freezing Cloud           Conj/Ice/Air   0%         6-21      100%        5
 Lee's Rapid Deconstruct  Erth           0%         3d4*      100%        5
 Conjure Ball Lightning   Conj/Air       0%         3x3d6     100%        6
 Starburst                Conj/Fire      0%         6d3       100%        6
 Maxwell's Capacitive Co  Air            0%         ∞         100%        8
 Summon Small Mammal      Summ           Unusable   N/A       N/A         1
 Call Imp                 Summ           Unusable   N/A       N/A         2
 Animate Armour           Summ/Erth      Unusable   N/A       N/A         4
 Summon Lightning Spire   Summ/Air       Unusable   N/A       N/A         4
 Summon Cactus Giant      Summ           Unusable   N/A       N/A         6
 Haunt                    Necr/Summ      Unusable   N/A       N/A         7
 Monstrous Menagerie      Summ           Unusable   N/A       N/A         7

Dungeon Overview and Level Annotations

Branches:
Dungeon (15/15)            Temple (1/1) D:4            Lair (5/5) D:9
  Swamp (2/4) Lair:3        Snake (0/4) Lair:3        Slime (0/5) Lair:5
    Orc (2/2) D:9             Elf (0/3) Orc:2        Vaults (0/5) D:13
 Depths (0/4) D:15          IceCv (visited)         Gauntlet (visited)

Altars:
Ashenzari
Cheibriados
Dithmenos
Fedhas
Gozag
Hepliaklqana
Kikubaaqudgha
Makhleb
Nemelex Xobeh
Okawaru
Qazlal
Ru
Sif Muna
Trog
Uskayaw
Vehumet
Wu Jian
Xom
Yredelemnul
Jiyva

Shops:
D:5 [=?   Orc:2 (*(*

Portals:
Abyss: D:9

Annotations:
D:9 2 transporters, hattop's ghost, novice DrFE


Innate Abilities, Weirdness & Mutations

You are immune to poison.
Your flesh is cold resistant. (rC+)
You are immune to negative energy. (rN+++)
You are immune to unholy pain and torment.
You are vulnerable to heat. (rF-)
You are strongly in touch with the powers of death.
You do not drink.
You have a special connection with the divine. (Faith)


Message History

You resist with almost no effort. 2 foxfires come into view.
The foxfire attacks as it pursues you! The foxfire hits you!!
The will-o-the-wisp gestures.
The will-o-the-wisp conjures some marshlight! 2 foxfires come into view.
There is an escape hatch in the ceiling here.
You impale the will-o-the-wisp!!
The will-o-the-wisp is severely damaged.
The foxfire hits you but does no damage. x2
The will-o-the-wisp gestures.
The will-o-the-wisp conjures some marshlight! 2 foxfires come into view.
You barely miss the will-o-the-wisp.
The will-o-the-wisp is severely damaged.
The foxfire hits you but does no damage.
The foxfire hits you!!
* * * LOW HITPOINT WARNING * * *
The will-o-the-wisp gestures.
The will-o-the-wisp conjures some marshlight! 2 foxfires come into view.
You barely miss the will-o-the-wisp.
The will-o-the-wisp is severely damaged.
The foxfire hits you.
* * * LOW HITPOINT WARNING * * *
The foxfire hits you!!
* * * LOW HITPOINT WARNING * * *
The bog body points at you and mumbles some strange words.
The bolt of cold hits you! You resist.
* * * LOW HITPOINT WARNING * * *
You block the will-o-the-wisp's attack.
Okay, then.
You can't drink.
Unknown command.
The alligator misses you. You block the alligator's attack.
The bog body touches you but does no damage.
The will-o-the-wisp gestures.
The will-o-the-wisp conjures some marshlight!
The alligator bites you!
You die...

♣♣♣♣♣♣ ♣♣♣~...♣♣
♣§...~§.♣♣♣
♣....~~~.§♣
♣♣♣~...
♣~~..~~~.♣♣
~..~~~~
♣♣♣♣♣.~~~~~~~♣
~.~~~~~~
♣..~♣♣(~~~~~.♣
~~~~~§~~.
♣v~~...~~~~..♣
~.~~§~§~~.
♣@v~~~~~~~~~.♣
.~~~~~~~~~
♣tn§v~~~~..~~.♣
.~~~~~~~~~
♣♣t...~~~.♣.~.~♣
~~~§~~~~~~
.t.~~♣....~~♣~.♣
~~~~§~~.~~
♣§..♣..~~~.~♣♣♣♣
[..~~~~...
.~♣♣♣♣♣~~§~..♣
....~~...♣ ..
~~~~..♣
~~<.~~...~ ~~..
~~~~~.♣~..


You could see 3 alligators, a will-o-the-wisp and a bog body.

Vanquished Creatures
  Jorgrun (Swamp:2)
  Rupert (Lair:4)
  3 reapers (IceCv)
  Nessos (Lair:5)
  An eleionoma (Swamp:2)
  A minotaur (Gauntlet)
  Snorg (D:11)
  A rakshasa (D:15)
  Erolcha (D:9)
  A ghost crab (Swamp:1)
  A caustic shrike simulacrum (IceCv)
  5 catoblepae
  A vault guard (D:13)
  2 alligators
  5 centaur warriors
  6 hydras
  An ironbound frostheart (D:13)
  2 boulder beetles
  5 two-headed ogres
  10 death yaks
  A deep troll shaman (Lair:5)
  A spriggan berserker (Swamp:2)
  2 goliath frogs
  7 skeletal warriors
  A spriggan druid (Swamp:2)
  A skyshark (Lair:5)
  3 swamp dragons (Swamp:1)
  2 bog bodies
  A glowing orange brain (D:15)
  3 lindwurms
  4 spriggan simulacra (IceCv)
  An obsidian statue (IceCv)
  A necromancer (D:15)
  An orc knight (Orc:1)
  3 deep elf zephyrmancers (D:15)
  3 deep elf pyromancers
  10 orc sorcerers
  4 cyclopes
  3 manticores
  10 ugly things
  4 black mambas
  2 elephants (Lair:5)
  A centaur zombie (D:15)
  A rust devil (D:12)
  A black mamba (shapeshifter) (D:13)
  8 cane toads
  2 torpor snails
  A gargoyle (D:14)
  Jeremiah (D:6)
  A centaur skeleton (D:15)
  2 rime drakes
  Maggie (Lair:1)
  An unseen horror (D:10)
  8 freezing wraiths (IceCv)
  An anaconda simulacrum (IceCv)
  A redback zombie (D:15)
  2 komodo dragons
  6 ice devils
  A red devil (D:12)
  4 trolls
  6 polar bears
  5 tyrant leeches
  6 hornets
  30 blink frogs
  14 dream sheep
  Sigmund (D:2)
  A centaur simulacrum (D:14)
  18 slime creatures
  2 vampires
  5 spriggans
  2 shadows
  3 wyverns
  A dire elephant simulacrum (IceCv)
  33 yaks
  A wraith (D:13)
  Eustachio (D:5)
  2 basilisks
  2 humans (D:13)
  10 vampire mosquitoes
  3 minotaur simulacra (IceCv)
  A chaos spawn (D:12)
  2 neqoxecs (D:12)
  8 wargs (Orc:2)
  An acid dragon (D:13)
  3 nagas (Lair:3)
  A harpy simulacrum (IceCv)
  6 swamp worms
  14 water moccasins
  A hydra simulacrum (IceCv)
  14 orc warriors
  A swamp drake (Orc:1)
  A sky beast (D:7)
  5 black bears
  7 ogres
  6 wolves
  7 centaurs
  A phantom (D:4)
  3 kobold brigands
  13 bullfrogs
  5 scorpions
  A scorpion (shapeshifter) (D:15)
  A gnoll sergeant (D:11)
  3 deep troll simulacra (IceCv)
  4 wights (D:10)
  A lindwurm simulacrum (IceCv)
  14 killer bees (D:9)
  4 electric eels (Lair:3)
  2 howler monkeys
  A crimson imp (Orc:1)
  13 orc priests
  2 gnoll boudas (D:7)
  A hound (D:5)
  An iron imp (Orc:1)
  5 iguanas
  A boggart zombie (D:15)
  42 orc wizards
  Robin (D:2)
  23 gnolls
  6 adders
  3 shadow imps
  4 white imps
  2 ufetubi (D:7)
  A worm (D:2)
  2 dart slugs
  86 orcs
  4 bats
  11 endoplasms
  4 giant cockroaches
  15 goblins
  9 hobgoblins
  6 jackals
  7 quokkas
  7 ball pythons
  4 frilled lizards
  18 kobolds
  5 rats
721 creatures vanquished.

Vanquished Creatures (others)
  A tyrant leech (Swamp:1)
  2 orc wizards (Orc:2)
  An orc (Orc:1)
  14 foxfires (Swamp:2)
18 creatures vanquished.

Grand Total: 739 creatures vanquished

Notes
Turn   | Place    | Note
-------+----------+-------------------------------------------
     0 | D:1      | oldriver the Mummy Fighter began the quest for the Orb.
     0 | D:1      | Reached XP level 1. HP: 18/18 MP: 1/1
   280 | D:1      | Reached XP level 2. HP: 24/24 MP: 2/2
   677 | D:1      | Reached XP level 3. HP: 29/29 MP: 3/3
  1287 | D:2      | Noticed Robin
  1529 | D:2      | Killed Robin
  1530 | D:2      | Reached XP level 4. HP: 26/37 MP: 4/4
  1747 | D:2      | Noticed Sigmund
  2393 | D:3      | Found an ancient bone altar of Kikubaaqudgha.
  2401 | D:3      | Reached skill level 4 in Fighting
  2747 | D:4      | Reached XP level 5. HP: 42/42 MP: 5/5
  2804 | D:4      | Reached skill level 1 in Throwing
  2831 | D:4      | Found a staircase to the Ecumenical Temple.
  2840 | Temple   | Entered the Ecumenical Temple
  2863 | D:4      | Noticed a phantom
  2902 | D:4      | Killed a phantom
  3113 | D:5      | Entered Level 5 of the Dungeon
  3121 | D:5      | Found Zuheish's Magic Scroll Shop.
  3144 | D:5      | Reached XP level 6. HP: 27/49 MP: 6/6
  3227 | D:5      | Bought a scroll of teleportation for 33 gold pieces
  3227 | D:5      | Bought a scroll of teleportation for 33 gold pieces
  3297 | D:5      | Noticed a water moccasin
  3543 | D:5      | Found an opulent altar of Gozag.
  3647 | D:5      | Noticed a water moccasin
  3663 | D:5      | Killed a water moccasin
  3800 | D:5      | Reached XP level 7. HP: 8/55 MP: 7/7
  4057 | D:5      | Reached skill level 5 in Fighting
  4057 | D:5      | Reached skill level 5 in Maces & Flails
  4332 | D:5      | Noticed Eustachio
  4354 | D:5      | Killed Eustachio
  4472 | D:5      | Found Juanwuib's Jewellery Emporium.
  4535 | D:5      | Found Couraott's Antique Armour Shop.
  4974 | D:6      | Reached XP level 8. HP: 64/64 MP: 8/8
  5602 | D:6      | Reached skill level 6 in Fighting
  5849 | D:6      | Noticed Jeremiah
  6091 | D:7      | Noticed a hornet
  6110 | D:7      | Killed a hornet
  6500 | D:6      | Killed Jeremiah
  6501 | D:6      | Reached skill level 7 in Fighting
  6860 | D:2      | Killed Sigmund
  6861 | D:2      | Reached XP level 9. HP: 39/72 MP: 9/9
  7216 | D:2      | Identified the +3 short sword of Xenuob {holy, rN+ Str+2
                  | Int+2}
  7286 | D:2      | Identified a scroll of acquirement
  7286 | D:2      | Acquired 988 gold pieces
  7381 | D:5      | Bought the ring of Hung {rF+ rN+} for 398 gold pieces
  7384 | D:5      | Bought a +6 ring of strength for 396 gold pieces
  7409 | D:5      | Bought a pair of boots for 103 gold pieces
  8864 | D:8      | Found a hazy altar of Hepliaklqana.
  8987 | D:8      | Noticed a two-headed ogre
  9248 | D:8      | Reached skill level 8 in Fighting
  9428 | D:8      | Found an iron altar of Okawaru.
  9428 | D:8      | Found a sacrificial altar of Ru.
  9432 | D:8      | Found a burning altar of Makhleb.
  9432 | D:8      | Found a shadowy altar of Dithmenos.
  9540 | D:8      | Became a worshipper of Warmaster Okawaru
  9935 | D:9      | Noticed a two-headed ogre
  9948 | D:9      | Killed a two-headed ogre
 10131 | D:9      | Reached * piety under Okawaru
 10276 | D:9      | Noticed Erolcha
 10353 | D:8      | Reached XP level 10. HP: 82/82 MP: 10/10
 10396 | D:8      | Killed a two-headed ogre
 10551 | D:9      | Reached skill level 1 in Invocations
 10559 | D:9      | Found a hide-covered altar of Uskayaw.
 10587 | D:9      | Noticed hattop's ghost (novice DrFE)
 10589 | D:9      | Noticed a toenail golem
 10590 | D:9      | Noticed a hell hog
 10601 | D:9      | Found a one-way gate to the infinite horrors of the Abyss.
 10602 | D:9      | Found a transporter.
 10624 | D:9      | Acquired the +15 Maxwell's patent armour {-Cast -Tele rElec
                  | Will+ rCorr}
 10624 | D:9      | Found the +15 Maxwell's patent armour {-Cast -Tele rElec
                  | Will+ rCorr}
 10674 | D:9      | Reached skill level 1 in Dodging
 10747 | D:9      | Found a staircase to the Orcish Mines.
 10766 | D:9      | Found a staircase to the Lair.
 10784 | D:9      | Noticed a manticore
 10807 | D:9      | Killed a manticore
 10962 | D:9      | Reached skill level 10 in Maces & Flails
 10996 | D:9      | Killed Erolcha
 10996 | D:9      | Reached ** piety under Okawaru
 10997 | D:9      | Reached skill level 9 in Fighting
 11309 | D:9      | Found a transporter.
 11516 | Lair:1   | Entered Level 1 of the Lair of Beasts
 11597 | Lair:1   | Noticed a cane toad
 11611 | Lair:1   | Killed a cane toad
 11611 | Lair:1   | Reached *** piety under Okawaru
 11708 | Lair:1   | Upgraded the game from 0.31-a0-949-g57150269e1 to
                  | 0.31-a0-986-g5e6e4ef867
 11810 | Lair:1   | Noticed a cane toad
 11816 | Lair:1   | Noticed a black mamba
 11829 | Lair:1   | Killed a black mamba
 11834 | Lair:1   | Reached XP level 11. HP: 89/89 MP: 9/12
 11873 | Lair:1   | Reached **** piety under Okawaru
 12020 | Lair:1   | Noticed Maggie
 12055 | Lair:1   | Killed Maggie
 12906 | Lair:2   | Noticed a catoblepas
 12956 | Lair:2   | HP: 1/90 [catoblepas (9)]
 12960 | Lair:2   | Killed a catoblepas
 13404 | Lair:2   | Reached skill level 10 in Fighting
 13434 | Lair:2   | Reached skill level 5 in Armour
 13790 | Lair:2   | Noticed a catoblepas
 14187 | Lair:2   | Reached ***** piety under Okawaru
 14218 | Lair:2   | Noticed a six-headed hydra
 14228 | Lair:2   | Killed a six-headed hydra
 14397 | Lair:2   | Reached XP level 12. HP: 96/99 MP: 15/15
 14407 | Lair:2   | Reached skill level 11 in Fighting
 14780 | Lair:2   | Killed a catoblepas
 15240 | Lair:3   | Found a staircase to the Swamp.
 15384 | Lair:3   | Noticed a death yak
 15385 | Lair:3   | Noticed a death yak
 15385 | Lair:3   | Noticed a death yak
 15400 | Lair:3   | Noticed a death yak
 15419 | Lair:3   | Killed a death yak
 15451 | Lair:2   | Killed a death yak
 15584 | Lair:2   | Killed a death yak
 15585 | Lair:2   | Reached skill level 5 in Invocations
 15610 | Lair:2   | Killed a death yak
 15610 | Lair:2   | Received a gift from Okawaru
 15759 | Lair:3   | Reached skill level 12 in Fighting
 16378 | Lair:3   | Found a staircase to the Snake Pit.
 17153 | Lair:4   | Noticed a four-headed hydra
 17161 | Lair:4   | Killed a four-headed hydra
 17417 | Lair:4   | Received a gift from Okawaru
 17958 | Lair:4   | Reached skill level 13 in Fighting
 17958 | Lair:4   | Gained mutation: You are strongly in touch with the powers
                  | of death. [Mummy growth]
 17958 | Lair:4   | Reached XP level 13. HP: 111/111 MP: 16/16
 18056 | Lair:4   | Noticed Rupert
 18180 | D:10     | Entered Level 10 of the Dungeon
 19202 | D:11     | Received a gift from Okawaru
 19335 | D:11     | Noticed Snorg
 19355 | D:11     | Killed Snorg
 20158 | D:12     | Identified the +1 pair of boots of Magic {rC- Str+4}
 21574 | D:13     | Received a gift from Okawaru
 21575 | D:13     | Reached skill level 14 in Fighting
 22992 | Orc:1    | Entered Level 1 of the Orcish Mines
 24025 | Gauntlet | Identified the "Kutuos"
 24025 | Orc:2    | Entered Level 2 of the Orcish Mines
 24034 | Orc:2    | Found Tuhoipel's Antique Weapon Shop.
 24046 | Orc:1    | Reached XP level 14. HP: 89/121 MP: 19/19
 24156 | Orc:2    | Found a gate leading to a gauntlet.
 24198 | Gauntlet | Entered a Gauntlet
 24198 | Gauntlet | Found a transporter.
 24198 | Gauntlet | Found a transporter.
 24198 | Gauntlet | Found a transporter.
 24229 | Gauntlet | Found a transporter.
 24233 | Gauntlet | Found a transporter.
 24243 | Gauntlet | Found a transporter.
 24264 | Gauntlet | Found a transporter.
 24284 | Gauntlet | Found a transporter.
 24290 | Gauntlet | Found a transporter.
 24292 | Gauntlet | Found a transporter.
 24326 | Gauntlet | Found a transporter.
 24350 | Gauntlet | Found a transporter.
 24497 | Gauntlet | Identified the staff "Cozeluhe" {rC- rN+ Int+9 Dex+3 Stlth+
                  | Necro}
 24498 | Gauntlet | Identified the +2 pair of boots of Elyvilon, Bespelling
                  | {Drain Regen+ Slay+2}
 24620 | Gauntlet | Identified the +0 hat of the Burning God {Int+2}
 24771 | Gauntlet | Identified the +3 leather armour "Kiteok" {Contam Str+2
                  | Int+3}
 24850 | Orc:2    | Found a staircase to the Elven Halls.
 24899 | Orc:2    | Found Fuacryck's Assorted Antiques.
 25098 | Orc:2    | Bought a scroll of enchant armour for 202 gold pieces
 25098 | Orc:2    | Bought a scroll of teleportation for 81 gold pieces
 25151 | Orc:2    | Found Rih Uxant's Weapon Shop.
 25151 | Orc:2    | Found Efocw's General Store.
 25166 | Orc:2    | Reached skill level 10 in Armour
 25224 | Orc:2    | Bought a scroll of teleportation for 33 gold pieces
 25224 | Orc:2    | Bought a scroll of fog for 44 gold pieces
 25464 | Orc:2    | Reached skill level 15 in Fighting
 25945 | D:13     | Found a gate to the Vaults.
 26306 | D:14     | Received a gift from Okawaru
 26408 | D:14     | Found an opulent altar of Gozag.
 26408 | D:14     | Identified the +0 robe of the Present {rElec SInv}
 27092 | D:15     | Entered Level 15 of the Dungeon
 27108 | D:15     | Reached skill level 16 in Fighting
 27299 | D:15     | Found a frozen archway.
 27327 | D:15     | Received a gift from Okawaru
 27382 | IceCv    | Entered an ice cave
 27544 | IceCv    | Reached skill level 17 in Fighting
 28475 | IceCv    | Reached XP level 15. HP: 113/134 MP: 21/21
 28511 | IceCv    | Reached skill level 1 in Stealth
 29428 | D:15     | Received a gift from Okawaru
 29696 | D:15     | Found a staircase to the Depths.
 30093 | Orc:2    | Bought a +5 ring of evasion for 396 gold pieces
 30281 | D:5      | Bought a scroll of enchant weapon for 82 gold pieces
 30281 | D:5      | Bought 3 scrolls of revelation for 247 gold pieces
 30820 | Lair:4   | Killed Rupert
 30820 | Lair:4   | Received a gift from Okawaru
 31216 | Lair:5   | Entered Level 5 of the Lair of Beasts
 31254 | Lair:5   | Reached skill level 5 in Shields
 31289 | Lair:5   | Found a stormy altar of Qazlal.
 31559 | Lair:5   | Found a staircase to the Slime Pits.
 31560 | Lair:5   | Found a viscous altar of Jiyva.
 31579 | Lair:5   | Noticed Nessos
 31654 | Lair:5   | Killed Nessos
 32058 | Lair:5   | Reached skill level 18 in Fighting
 32079 | Lair:5   | Received a gift from Okawaru
 32359 | Swamp:1  | Entered Level 1 of the Swamp
 32442 | Swamp:1  | Received a gift from Okawaru
 32647 | Swamp:2  | Noticed Jorgrun
 32670 | Swamp:2  | Killed Jorgrun
 32670 | Swamp:2  | Reached ****** piety under Okawaru
 32674 | Swamp:2  | Acquired a +5 eveningstar of draining
 32674 | Swamp:2  | Received a gift from Okawaru
 32758 | Arena    | Entered the Arena
 32762 | Arena    | Reached XP level 16. HP: 26/145 MP: 14/22
 32795 | Arena    | Entered the Arena
 33015 | Swamp:1  | You fall into a shaft and drop 1 floor!
 33059 | Swamp:2  | HP: 1/145 [bog body/bolt of cold (8)]
 33060 | Swamp:2  | Mangled by an alligator

Illustrated notes

Levels and vault maps discovered:
D:1:      scummos_arrival_checkerplants, layout_loops_ring, serial_forest,
          infiniplex_forest_clump_tiny, infiniplex_forest_lined_room_3,
          infiniplex_forest_clump_medium, infiniplex_forest_pool,
          infiniplex_forest_straight_3, minmay_misc_feat_x
D:2:      layout_basic, uniq_sigmund, uniq_robin
D:3:      layout_basic, kiku_gazebo_garden_becter, kennysheep_generic_room_15
D:4:      layout_loops_corners, minmay_temple_entry_ruins
D:5:      layout_loops_corners, mainiacjoe_overflow_concentric_impassable,
          serial_shops, shop, shop, shop, nicolae_letterblocks
          [nicolae_letter_subblock, nicolae_letter_subblock,
          nicolae_letter_subblock, nicolae_letter_subblock,
          nicolae_letter_subblock, nicolae_letter_subblock,
          nicolae_letter_subblock, nicolae_letter_subblock,
          nicolae_letter_subblock, nicolae_letter_subblock,
          nicolae_letter_subblock, nicolae_letter_subblock,
          nicolae_letter_subblock, nicolae_letter_subblock,
          nicolae_letter_subblock, nicolae_letter_subblock,
          nicolae_letter_subblock, nicolae_letter_subblock,
          nicolae_letter_subblock, nicolae_letter_subblock,
          nicolae_letter_subblock, nicolae_letter_subblock,
          nicolae_letter_subblock, nicolae_letter_subblock,
          nicolae_letter_subblock], uniq_eustachio
D:6:      layout_loops_corners, uniq_jeremiah
D:7:      layout_basic, roderic_roman_lattice
D:8:      layout_loops_ring, overflow_temple_1_default,
          mainiacjoe_overflow_alcove_3
D:9:      layout_loops_ring, mainiacjoe_overflow_cross_hatched,
          lair_entry_dummy, orc_0_dummy, gammafunk_ghost_abyssal_escape,
          nicolae_tricolors, uniq_erolcha
D:10:     layout_stronghold
D:11:     layout_irregular_city, uniq_snorg
D:12:     layout_rooms, nicolae_neqoxec_dot_bat
D:13:     layout_basic, hellmonk_vaults_keyhole, amethyst_killhole,
          hangedman_abyss_or_decor_passed
D:14:     layout_rooms, grunt_gozag_statues, hangedman_decor_diamond_cutter,
          st_stairs_6
D:15:     grunt_enter_depths_magical_seal, layout_rooms,
          portal_ice_cave_entry_ugly_swarm, nrook_campfire
Temple:   minmay_temple_curvy_branch
Lair:1:   layout_loops_ring, nicolae_quartered_pool_medium, st_stairs_9,
          infiniplex_staircase_pool, serial_bayou_shore_b, uniq_maggie
Lair:2:   layout_layer_cave, small_statue_intersection, serial_bayou_crossing
Lair:3:   layout_regular_city, minmay_swamp_entry_eels,
          nicolae_snake_entry_squirm, serial_bayou_pond_c
Lair:4:   layout_cave_pods, uniq_rupert
Lair:5:   grunt_lair_end_beastmaster, layout_cave_pods, slime_entry_1,
          basic_altar, infiniplex_staircase_pool_2, uniq_nessos
Swamp:1:  layout_basic_swamp, nicolae_swamp_fairy_circle,
          nicolae_swamp_tree_isthmus
Swamp:2:  layout_basic_swamp, nicolae_swamp_round_clearing,
          cheibrodos_swamp_minitomb, uniq_jorgrun
Orc:1:    layout_caves, hangedman_minor_magic
Orc:2:    st_orc_town, layout_caves, gauntlet_entry_generic

Skill      XL: |  1  2  3  4  5  6  7  8  9 10 11 12 13 14 15 |
---------------+----------------------------------------------+-----
Maces & Flails | 2 3 4 5 7 9 10 12 | 12.3
Fighting       | 4 5 7 8 9 10 13 14 17 18 | 18.6
Throwing       | 1 2 |  2.0
Shields        | 3 4 5 |  5.0
Armour         | 3 4 5 7 9 10 11 | 11.7
Invocations    | 2 4 5 7 8 |  8.0
Dodging        | 2 3 4 |  4.0
Stealth        | 2 |  2.0

Action                     |  1- 3 |  4- 6 |  7- 9 | 10-12 | 13-15 | 16-18 || total
---------------------------+-------+-------+-------+-------+-------+-------++-------
  Melee: Flail             |   133 |    46 |       |       |       |       ||   179
         Whip              |       |   235 |   506 |   974 |  1835 |       ||  3550
         Mace              |       |       |       |       |   155 |       ||   155
         Demon whip        |       |       |       |       |   546 |       ||   546
         Eveningstar       |       |       |       |       |    22 |    46 ||    68
  Throw: Dart              |     4 |       |     8 |     2 |       |       ||    14
         Stone             |       |     2 |     1 |       |       |       ||     3
         Throwing net      |       |       |     1 |       |       |       ||     1
 Invoke: Heroism           |       |       |       |    19 |    19 |     1 ||    39
         Finesse           |       |       |       |     5 |     8 |       ||    13
         Duel              |       |       |       |       |     1 |     1 ||     2
         Receive Weapon    |       |       |       |       |     1 |       ||     1
  Evoke: Wand              |       |       |       |     2 |       |       ||     2
         Condenser vane    |       |       |       |       |     1 |       ||     1
    Use: Scroll            |     2 |     6 |    12 |     2 |    13 |     1 ||    36
   Stab: Petrified         |       |       |       |       |     4 |       ||     4
 Armour: Scale mail        |    90 |   179 |    12 |       |       |       ||   281
         Plate armour      |       |       |   387 |   603 |  1812 |    83 ||  2885
         Skin              |       |       |     1 |       |       |       ||     1
  Dodge: Dodged            |    71 |   110 |   141 |   215 |   723 |    51 ||  1311
  Block: Buckler           |    26 |    31 |   107 |   148 |   390 |    13 ||   715

Table legend: (Time is in decaauts)
 A = Elapsed time spent in this place.
 B = Non-inter-level travel time spent in this place.
 C = Inter-level travel time spent in this place.
 D = Time resting spent in this place.
 E = Time spent auto-exploring this place.
 F = Levels seen in this place.
 G = Mean time per level.
                   A        B        C        D        E       F      G
               +--------+--------+--------+--------+--------+-----+--------+
         Total |  31479 |  28877 |   2602 |   5927 |  16214 |  29 | 1085.5 |
       Dungeon |  18884 |  16821 |   2063 |   3349 |   9817 |  15 | 1258.9 |
        Temple |     10 |     10 |      0 |      0 |      0 |   1 |   10.0 |
          Lair |   7863 |   7571 |    292 |   1470 |   4701 |   5 | 1572.6 |
         Swamp |    570 |    570 |      0 |     56 |    236 |   2 |  285.0 |
  Orcish Mines |   1752 |   1506 |    246 |    110 |    830 |   2 |  876.0 |
      Ice Cave |   1783 |   1783 |      0 |    905 |    242 |   1 | 1783.0 |
      Gauntlet |    564 |    564 |      0 |      0 |    386 |   1 |  564.0 |
         Arena |     49 |     49 |      0 |     35 |      0 |   2 |   24.5 |
               +--------+--------+--------+--------+--------+-----+--------+

Top non-repeatable levels by time:
  Lair:2: 2457 daAuts
    D:13: 1946 daAuts
     D:5: 1930 daAuts
  Lair:3: 1917 daAuts
     D:9: 1855 daAuts
   IceCv: 1783 daAuts
     D:7: 1593 daAuts
     D:6: 1459 daAuts
    D:12: 1345 daAuts
  Lair:4: 1314 daAuts
     D:8: 1290 daAuts
  Lair:1: 1189 daAuts
     D:1: 1127 daAuts
    D:11: 1126 daAuts
     D:2: 1125 daAuts
